Map: [TLMC14] Blackburn

Players

Cure

  • Race: Terran Terran

Trap - Winner!

  • Race: Protoss Protoss

Event: DreamHack SC2 Masters 2021 Winter

VOD

Have the link to the VOD?

Description

Time

  • Played on: Nov. 9, 2021, 12:31 p.m.
  • Length: 19:05

All games in this series

Show
View Real Time Build Order
Export as new Build Order

Cure Terran 

Build Orders:  

Get SALT Encoding   

  12  0:00  SCV  
  13  0:12  SCV  
  14  0:17  Supply Depot  
  14  0:24  SCV  
  15  0:38  SCV  
  15  0:40  Barracks  
  16  0:43  Refinery  
  16  0:50  SCV  
  17  1:03  SCV  
  18  1:15  SCV  
  19  1:28  Orbital Command  
  20  1:38  Command Center  
  19  1:40  Marine  
  20  1:53  Factory  
  20  1:56  SCV  
  21  2:01  Barracks Reactor  
  21  2:08  SCV  
  22  2:12  Supply Depot  
  22  2:15  Refinery  
  22  2:20  SCV  
  23  2:34  SCV  
  26  2:37  Hellion  
  26  2:38  Marine x2  
  26  2:39  Starport  
  28  2:46  SCV  
  29  2:55  Orbital Command  
  29  2:58  Marine x2  
  29  3:01  Widow Mine  
  29  3:04  SCV  
  34  3:15  Medivac  
  34  3:17  SCV  
  37  3:22  Supply Depot, Factory Tech Lab  
  37  3:26  Marine x2  
  39  3:33  SCV  
  39  3:34  SCV  
  39  3:44  Marine  
  39  3:45  SCV  
  39  3:46  SCV  
  39  3:47  Supply Depot  
  39  3:48  Marine  
  43  3:52  Factory Tech Lab  
  43  3:55  Raven  
  43  3:58  SCV x2  
  43  3:59  Barracks  
  47  4:05  Marine  
  47  4:06  Marine  
  49  4:10  SCV x2  
  49  4:13  Siege Tank  
  54  4:19  Bunker  
  54  4:22  SCV x2  
  56  4:27  Supply Depot  
  56  4:28  Marine x2  
  58  4:34  SCV x2  
  60  4:46  SCV x2  
  60  4:49  Siege Tank, Marine x2  
  67  4:53  Supply Depot  
  67  4:58  SCV x2  
  69  5:00  Barracks  
  69  5:01  Stimpack  
  69  5:06  Refinery, Marine  
  69  5:07  Supply Depot  
  70  5:14  Marine  
  70  5:15  Marauder, SCV x2  
  70  5:16  Refinery  
  70  5:18  Engineering Bay  
  75  5:24  Supply Depot, Marine  
  75  5:27  SCV x2  
  81  5:28  Siege Tank  
  81  5:32  Supply Depot, Marine  
  82  5:36  Marine  
  82  5:39  SCV x2  
  82  5:41  Starport Reactor  
  83  5:45  Terran Infantry Weapons Level 1  
  83  5:47  Supply Depot  
  83  5:48  Barracks Tech Lab  
  83  5:51  Marine x2  
  83  5:52  SCV x2  
  83  5:54  Marine  
  88  6:01  Supply Depot  
  91  6:06  Combat Shield  
  91  6:10  Marauder, Marine x2  
  95  6:12  Marauder  
  95  6:16  Supply Depot  
  95  6:18  Factory Reactor  
  94  6:22  Medivac  
  94  6:23  Medivac  
  98  6:28  Marine x2  
  98  6:32  Marauder  
  102  6:33  Marauder  
  102  6:36  Command Center  
  104  6:42  Concussive Shells  
  104  6:52  Barracks x2  
  104  6:54  Marine x2  
  104  6:55  Marauder x2  
  104  7:00  Medivac x2  
  116  7:01  Widow Mine  
  116  7:06  Widow Mine  
  118  7:09  SCV x2  
  118  7:11  Supply Depot  
  118  7:12  Marine  
  121  7:21  SCV x2  
  123  7:25  Marauder, Marine  
  123  7:29  Supply Depot  
  126  7:32  Marine  
  126  7:33  Marauder  
  126  7:34  Widow Mine x2  
  133  7:38  SCV  
  133  7:41  Barracks Reactor  
  133  7:43  Terran Infantry Armor Level 1  
  134  7:48  SCV  
  134  7:49  Orbital Command  
  134  7:50  SCV  
  135  8:00  SCV  
  135  8:02  SCV  
  135  8:03  Supply Depot  
  135  8:04  Medivac x2, Ghost Academy  
  141  8:12  SCV  
  141  8:17  SCV  
  142  8:20  Orbital Command  
  142  8:24  SCV  
  143  8:29  SCV  
  143  8:33  Ghost x3  
  150  8:34  Marine x4  
  150  8:36  Widow Mine x2  
  158  8:43  SCV x2  
  160  8:49  Missile Turret  
  160  8:51  Missile Turret  
  159  8:59  Viking x2  
  160  9:03  SCV x3  
  160  9:06  Ghost x2  
  156  9:15  Marine x4  
  160  9:21  Enhanced Shockwaves  
  160  9:23  SCV x3  
  163  9:25  Refinery x2  
  161  9:35  Ghost  
  161  9:36  Marine x2  
  161  9:37  Marauder, Marine x2  
  164  9:39  SCV  
  164  9:43  Supply Depot  
  164  9:44  Supply Depot, SCV x2  
  165  9:53  Supply Depot  
  165  9:54  Supply Depot  
  165  9:56  Bunker  
  165  10:04  Marine x4  
  165  10:05  Marauder x2, Armory  
  173  10:16  Viking x2  
  173  10:17  Supply Depot x2, Engineering Bay  
  173  10:20  Widow Mine x2  
  181  10:29  Missile Turret  
  181  10:39  Marauder x2, Marine x2  
  187  10:45  Command Center  
  187  10:46  Viking x2  
  187  10:57  Terran Infantry Weapons Level 2, Terran Infantry Armor Level 2  
  187  10:58  Marauder, Marine x4  
  187  11:00  Marine  
  187  11:01  Marauder  
  196  11:08  Widow Mine x2, Missile Turret  
  196  11:10  Barracks  
  200  11:11  Barracks  
  200  11:12  Barracks  
  162  11:57  Marine  
  162  11:58  Marauder x3, Marine x3  
  139  12:13  Barracks Tech Lab  
  139  12:14  Barracks Tech Lab, Barracks Reactor  
  133  12:15  Marine x4  
  133  12:16  SCV x3  
  133  12:19  Marine x2  
  133  12:20  Marauder  
  138  12:28  SCV x3  
  141  12:33  Marine x3  
  138  12:40  SCV  
  138  12:41  Marauder  
  133  12:46  Medivac  
  133  12:47  Medivac  
  133  12:48  Factory Reactor  
  133  12:50  SCV x2  
  135  12:52  SCV, Ghost x2  
  135  12:53  Barracks Tech Lab x2, Marine x4  
  135  12:54  Marine x2  
  146  13:02  Marauder, SCV x2  
  146  13:04  SCV  
  149  13:10  Ghost  
  149  13:11  Marine x2  
  149  13:12  Planetary Fortress  
  144  13:14  SCV  
  144  13:17  SCV x2  
  147  13:20  Ghost x2  
  147  13:24  Marauder, Missile Turret  
  147  13:26  SCV  
  154  13:29  SCV x2  
  154  13:30  Ghost  
  158  13:37  Missile Turret  
  158  13:40  Marauder, Missile Turret  
  160  13:41  Marine x2  
  160  13:46  SCV  
  160  13:47  SCV  
  158  13:49  SCV  
  152  14:00  Ghost  
  152  14:01  Marauder, Marine x2  
  145  14:17  Terran Infantry Weapons Level 3  
  145  14:22  Marine x2  
  145  14:23  Marauder, Marine  
  147  14:30  SCV x4  
  147  14:42  SCV  
  147  14:44  SCV x3  
  151  14:47  Ghost x2  
  151  14:48  Marauder, Marine  
  154  14:54  SCV  
  155  15:07  Marauder, Marine x5  
  155  15:08  Marauder  
  155  15:10  Marauder  
  165  15:30  Medivac  
  165  15:31  Marauder, Marine x4  
  165  15:34  Orbital Command  
  171  15:47  Marauder x2, Marine x4  
  179  15:53  Marauder  
  170  16:06  Marine x2  
  170  16:07  Marauder, Marine x4  
  170  16:08  Widow Mine x2  
  179  16:13  Marauder  
  148  16:33  Marine x5  
  148  16:34  Marauder x3  
  148  16:39  Ghost  
  132  16:55  Medivac  
  132  16:56  Marine x4  
  132  16:57  Marauder  
  132  17:00  Marine x2  
  142  17:11  Marauder, Marine x3  
  142  17:14  Marine  
  148  17:17  Marine x2  
  148  17:18  Marauder, Marine  
  142  17:23  Marine x2  
  142  17:27  Medivac  
  142  17:29  Marauder x3  
  152  17:33  Widow Mine x2  
  156  17:37  Marine x3  
  155  17:51  Viking  
  154  18:05  Marine x5  
  143  18:06  Marauder x3, Marine  
  143  18:12  Marine  
  133  18:13  Marauder  
  124  18:23  Marine x4  
  123  18:27  Ghost  
  123  18:29  Marauder, Marine x2  
  127  18:38  Marine x2  
  127  18:39  Marauder  
  115  18:41  Marine  
Show
View Real Time Build Order
Export as new Build Order

Trap Protoss - Winner!

Build Orders: 1 Gate Expand, Blink Stalkers, Carriers, Zealot Archon 

Get SALT Encoding   

  12  0:00  Probe  
  13  0:12  Probe  
  14  0:17  Pylon  
  14  0:24  Probe (Chrono Boost)  
  15  0:36  Gateway, Probe (Chrono Boost)  
  16  0:44  Probe (Chrono Boost)  
  16  0:46  Assimilator  
  17  0:50  Probe  
  18  1:03  Probe  
  19  1:15  Probe  
  20  1:22  Cybernetics Core  
  20  1:34  Nexus  
  20  1:40  Pylon  
  20  1:43  Probe  
  21  1:50  Assimilator  
  21  1:55  Probe  
  21  1:56  Adept (Chrono Boost)  
  24  2:01  Warp Gate  
  24  2:07  Probe  
  25  2:19  Twilight Council, Probe  
  26  2:25  Stalker (Chrono Boost)  
  28  2:31  Probe  
  30  2:46  Probe (Chrono Boost)  
  30  2:48  Probe (Chrono Boost)  
  30  2:49  Blink (Chrono Boost)  
  31  2:55  Probe (Chrono Boost)  
  31  2:58  Probe (Chrono Boost)  
  33  3:00  Probe (Chrono Boost)  
  34  3:07  Probe  
  34  3:09  Gateway  
  34  3:12  Stalker  
  37  3:15  Probe  
  39  3:20  Probe  
  39  3:25  Robotics Facility  
  39  3:29  Probe  
  39  3:32  Probe  
  38  3:42  Probe  
  38  3:44  Probe  
  40  3:50  Stalker  
  40  3:54  Probe  
  43  3:56  Probe  
  43  4:02  Stalker, Pylon  
  46  4:12  Probe x2  
  46  4:19  Nexus  
  46  4:21  Observer  
  47  4:25  Probe x2  
  49  4:32  Stalker x2  
  49  4:35  Pylon  
  49  4:37  Probe  
  54  4:41  Assimilator  
  54  4:42  Assimilator  
  54  4:50  Pylon  
  54  4:53  Probe x2  
  54  4:56  Templar Archives  
  56  5:04  Pylon  
  56  5:05  Probe x2  
  58  5:10  Gateway  
  58  5:11  Observer  
  59  5:17  Stalker  
  59  5:20  Gateway, Probe (Chrono Boost)  
  59  5:21  Psionic Storm, Probe (Chrono Boost)  
  63  5:32  Assimilator, Probe (Chrono Boost)  
  63  5:33  Probe x2 (Chrono Boost)  
  66  5:37  Assimilator  
  66  5:40  Probe (Chrono Boost)  
  66  5:41  Probe (Chrono Boost)  
  68  5:43  Probe (Chrono Boost)  
  68  5:46  Probe (Chrono Boost)  
  68  5:47  Probe  
  71  5:51  Shield Battery  
  71  5:52  Probe  
  72  5:58  Probe, High Templar  
  72  5:59  High Templar  
  72  6:01  Gateway  
  77  6:04  Charge  
  77  6:09  Gateway  
  77  6:13  Gateway  
  77  6:16  Probe x2  
  77  6:17  Observer, Probe  
  80  6:22  High Templar, Shield Battery  
  80  6:24  High Templar  
  84  6:27  Observer  
  84  6:31  Pylon  
  84  6:33  Shield Battery  
  84  6:36  Pylon  
  84  6:38  Shield Battery  
  84  6:40  Immortal (Chrono Boost)  
  84  6:44  High Templar  
  84  6:46  Probe  
  92  6:47  Probe  
  92  6:48  Probe  
  93  6:54  Pylon  
  93  6:56  Stalker, Pylon  
  95  7:02  Probe  
  95  7:03  Probe x2  
  98  7:09  Immortal (Chrono Boost)  
  98  7:11  Sentry x2  
  106  7:18  Pylon  
  106  7:21  High Templar, Forge  
  108  7:23  Zealot, Pylon  
  108  7:28  High Templar  
  108  7:29  Zealot, High Templar  
  116  7:33  Probe x3, Archon  
  119  7:39  Warp Prism (Chrono Boost), Pylon  
  119  7:40  Pylon  
  121  7:46  Pylon  
  121  7:54  Protoss Ground Weapons Level 1 (Chrono Boost)  
  121  7:58  Zealot x5  
  125  8:04  Pylon  
  125  8:05  Zealot x2  
  131  8:10  Immortal (Chrono Boost)  
  135  8:20  Zealot x4  
  143  8:29  Robotics Facility  
  143  8:33  Robotics Bay  
  142  8:39  Pylon  
  142  8:42  Pylon  
  142  8:46  Observer (Chrono Boost), Nexus  
  142  8:47  Pylon  
  143  8:57  Gateway  
  143  8:59  Gateway  
  129  9:21  Photon Cannon  
  129  9:22  Stalker x6  
  129  9:23  Disruptor x2 (Chrono Boost)  
  146  9:31  Zealot  
  146  9:34  Probe x3  
  146  9:37  Observer  
  147  9:42  Gravitic Drive  
  147  9:44  Protoss Ground Weapons Level 2 (Chrono Boost)  
  147  9:46  Photon Cannon  
  147  9:47  Shield Battery  
  147  9:52  Disruptor x2 (Chrono Boost)  
  143  10:02  Probe x4  
  147  10:13  Zealot  
  147  10:14  Zealot x7  
  161  10:22  Disruptor (Chrono Boost)  
  161  10:25  Warp Prism (Chrono Boost)  
  166  10:28  Pylon  
  166  10:32  Zealot  
  166  10:33  Observer  
  167  10:35  Forge  
  167  10:39  Zealot x5  
  169  10:52  Disruptor x2 (Chrono Boost)  
  169  10:56  Extended Thermal Lance  
  175  10:58  Zealot x4  
  183  11:09  Assimilator x2  
  183  11:12  Protoss Ground Armor Level 1 (Chrono Boost), Nexus  
  183  11:14  Pylon  
  183  11:15  Photon Cannon  
  183  11:22  Stargate  
  183  11:34  Zealot x3  
  183  11:35  Zealot x6  
  184  12:00  Zealot x4  
  184  12:01  Zealot x5  
  195  12:03  Protoss Ground Weapons Level 3 (Chrono Boost)  
  189  12:15  Observer x2  
  191  12:19  Probe x3  
  188  12:23  Photon Cannon  
  188  12:24  Photon Cannon  
  173  12:36  Warp Prism (Chrono Boost), Disruptor (Chrono Boost)  
  163  12:47  Zealot x9  
  179  13:03  Warp Prism (Chrono Boost), Protoss Ground Armor Level 2 (Chrono Boost)  
  178  13:09  Disruptor (Chrono Boost)  
  164  13:19  Fleet Beacon  
  164  13:20  Stargate  
  164  13:22  Stargate  
  164  13:28  Stalker  
  164  13:29  Stalker x3  
  164  13:31  Oracle, Disruptor (Chrono Boost)  
  164  13:32  Probe  
  164  13:33  Probe x4  
  183  13:37  Disruptor  
  185  13:45  Probe  
  186  13:50  Zealot x2  
  186  13:51  Zealot x3  
  190  13:57  Zealot x2  
  190  13:58  Zealot x2  
  184  14:19  Disruptor x2  
  184  14:30  Carrier (Chrono Boost)  
  194  14:32  Carrier (Chrono Boost)  
  194  14:33  Carrier (Chrono Boost)  
  194  14:38  Assimilator  
  200  14:39  Photon Cannon, Assimilator  
  192  14:55  Nexus  
  181  15:29  Pylon  
  181  15:30  High Templar x4  
  181  15:31  Carrier (Chrono Boost)  
  195  15:37  Dark Shrine  
  195  15:41  Protoss Shields Level 1 (Chrono Boost), Protoss Ground Armor Level 3 (Chrono Boost)  
  195  15:42  Pylon  
  177  16:05  Carrier (Chrono Boost)  
  186  16:16  Zealot x5  
  186  16:17  Zealot x2  
  200  16:19  Carrier (Chrono Boost)  
  200  16:23  Zealot  
  184  16:36  Archon  
  184  16:38  Stalker x3  
  184  16:39  Zealot x5  
  168  16:40  Carrier (Chrono Boost)  
  152  16:50  Colossus (Chrono Boost)  
  135  16:57  Probe (Chrono Boost)  
  135  16:59  High Templar x5  
  135  17:00  Zealot  
  135  17:01  Colossus (Chrono Boost), Carrier (Chrono Boost), Zealot x3  
  163  17:03  Archon  
  163  17:04  Archon  
  163  17:06  Probe (Chrono Boost)  
  166  17:09  Carrier (Chrono Boost)  
  153  17:23  Stalker x3  
  153  17:24  Stalker  
  153  17:28  Shield Battery  
  154  17:32  Stalker x3  
  154  17:33  Stalker x2  
  154  17:34  Shield Battery  
  154  17:36  Shield Battery  
  153  17:38  Observer  
  150  17:47  Colossus  
  154  17:56  Zealot x3  
  154  17:57  Zealot x2  
  159  18:14  High Templar  
  159  18:15  High Templar x2  
  163  18:20  Zealot x4  
  169  18:29  Observer  
  162  18:41  Observer  
  162  18:43  Zealot  
  162  18:44  Zealot x5  

Tags
 
Add a new tag
Caveats
  • Supply blocks, unpowered buildings, or Contaminate may cause inaccurate times.
  • Supply counts are checked every 10 seconds.